 Dungeon Crawl Stone Soup version 0.23-a0-386-g9c9d49f (webtiles) character file.

137 George the Slasher (level 5, -1/38 HPs)
             Began as a Demonspawn Gladiator on Oct 28, 2018.
             Succumbed to an orc wizard's poison
             ... on level 3 of the Dungeon.
             The game lasted 00:03:52 (2277 turns).

George the Slasher (Demonspawn Gladiator)           Turns: 2277, Time: 00:03:52

Health: -1/38      AC: 13    Str: 20 (21) XL:     5   Next: 0%
Magic:  5/5        EV: 17    Int: 13 (14) God:
Gold:   113        SH:  0    Dex: 17 (19) Spells: 4/4 levels left

rFire    . . .     SeeInvis .   a - +0 long sword
rCold    . . .     Gourm    .   (no shield)
rNeg     . . .     Faith    .   m - +0 ring mail
rPois    .         Spirit   .   c - +0 helmet
rElec    .         Reflect  .   r - +0 cloak (curse)
rCorr    .         Harm     .   (no gloves)
MR       .....                  (no boots)
Stlth    +++.......             l - amulet of the acrobat
HPRegen  0.12/turn              (no ring)
MPRegen  0.09/turn              (no ring)

@: mighty, brilliant, agile, lethally poisoned (-1 -> -25), sanguine armour
A: nightstalker 1, powered by pain 1, sanguine armour 1
a: no special abilities


You were on level 3 of the Dungeon.
You were hungry.

You visited 1 branch of the dungeon, and saw 3 of its levels.

You collected 113 gold pieces.

Inventory:

Hand Weapons
 a - a +0 long sword (weapon)
Missiles
 d - 3 throwing nets (quivered)
Armour
 c - a +0 helmet (worn)
 m - a +0 ring mail (worn)
 r - a cursed +0 cloak (worn)
Jewellery
 l - an amulet of the acrobat (around neck)
Wands
 n - a wand of flame (37)
Scrolls
 b - 2 scrolls of enchant weapon {unknown}
 e - 2 scrolls of fear {unknown}
 g - 6 scrolls of teleportation {unknown}
 j - 2 scrolls of remove curse {unknown}
 o - a scroll of blinking {unknown}
Potions
 i - a potion of brilliance
 q - a potion of curing {unknown}
Comestibles
 f - 6 rations


   Skills:
 - Level 2.0 Fighting
 + Level 5.2 Long Blades
 - Level 1.7 Throwing
 - Level 2.6 Dodging


You had 4 spell levels left.
You didn't know any spells.
Your spell library was empty.

Dungeon Overview and Level Annotations

Branches:
Dungeon (3/15)

Altars:
Ashenzari
Makhleb
Qazlal
Zin


Innate Abilities, Weirdness & Mutations

You are slightly more attuned to the shadows.
You sometimes gain a little power by taking damage.
When seriously injured, your bleeding wounds create armour. (AC +6)


Message History

Your Long Blades skill increases to level 5!
You have reached level 5!
* * * LOW HITPOINT WARNING * * *
You feel very sick.
It was a potion of brilliance.
You feel clever all of a sudden.
* * * LOW HITPOINT WARNING * * *
You feel very sick.
It was a potion of agility.
You feel agile all of a sudden.
* * * LOW HITPOINT WARNING * * *
You feel sick.
It was a potion of might.
You feel very mighty all of a sudden.
* * * LOW HITPOINT WARNING * * *
You feel sick.
It was a potion of degeneration.
There was something very wrong with that liquid.
You feel weakened.
You feel dopey.
You feel clumsy.
You die...

#.##.#..# #.##.##.##
#...)....## ####.##...#
## #.###..##.' ###.#
#.....' #...# #.....'
...########...###.....#
.....)@..)............#
...########.......†...#
#...###......
######.##....###
..........#)##
...#....###.#
.....#......#
..w..#.##†.####
.o..o#...%......


There were no monsters in sight!

Vanquished Creatures
  An orc wizard (D:3)
  Robin (D:2)
  3 adders (D:2)
  A dart slug (D:1)
  A leopard gecko (D:2)
  3 orcs (D:3)
  A ball python (D:2)
  5 bats
  2 giant cockroaches (D:1)
  15 goblins
  6 hobgoblins
  5 jackals
  3 quokkas
  7 frilled lizards
  7 kobolds
  A rat (D:3)
62 creatures vanquished.

Notes
Turn   | Place    | Note
-------+----------+-------------------------------------------
     0 | D:1      | George the Demonspawn Gladiator began the quest for the
                  | Orb.
     0 | D:1      | Reached XP level 1. HP: 16/16 MP: 1/1
    59 | D:1      | Reached skill level 3 in Long Blades
   145 | D:1      | Gained mutation: When seriously injured, your bleeding
                  | wounds create armour. (AC +6) [demonic ancestry]
   145 | D:1      | Reached XP level 2. HP: 19/22 MP: 2/2
   777 | D:2      | Gained mutation: You sometimes gain a little power by
                  | taking damage. [demonic ancestry]
   777 | D:2      | Reached XP level 3. HP: 24/27 MP: 3/3
   810 | D:2      | Reached skill level 4 in Long Blades
   968 | D:2      | Found a stormy altar of Qazlal.
   985 | D:2      | Found a shattered altar of Ashenzari.
  1214 | D:2      | Found a glowing silver altar of Zin.
  1239 | D:2      | Found a shattered altar of Ashenzari.
  1284 | D:2      | Found a burning altar of Makhleb.
  1347 | D:2      | Gained mutation: You are slightly more attuned to the
                  | shadows. [demonic ancestry]
  1347 | D:2      | Reached XP level 4. HP: 22/33 MP: 4/4
  1355 | D:2      | Noticed Robin
  1374 | D:2      | Killed Robin
  1391 | D:2      | HP: 1/33 [goblin[Robin] (4)]
  2273 | D:3      | Reached skill level 5 in Long Blades
  2273 | D:3      | Reached XP level 5. HP: 10/38 MP: 5/5
  2276 | D:3      | HP: 1/38 [poisoned by an orc wizard]
  2277 | D:3      | Succumbed to an orc wizard's poison

Vault maps used:
D:1:      wheals_arrival_shading
D:2:      lemuel_coloured_pillars_altar, grunt_qazlal_sundering,
          grunt_temple_overflow_open, grunt_decor_arrowhead, solitary_fountain,
          minmay_misc_feat_chi, lemuel_tele_altar, uniq_robin
D:3:      kennysheep_cluttered_room, uniq_jessica

Skill      XL: |  1  2  3  4 |
---------------+-------------+-----
Long Blades    | 3 4 5 |  5.2
Fighting       | |  2.0
Throwing       | |  1.7
Dodging        | |  2.6

Action                   |  1- 3 |  4- 6 || total
-------------------------+-------+-------++-------
Melee: Long sword        |    96 |    66 ||   162
  Use: Potion            |       |     4 ||     4
 Stab: Sleeping          |       |     2 ||     2
  Eat: Chunk             |     1 |     3 ||     4
Armor: Leather armour    |    15 |       ||    15
       Ring mail         |    17 |    48 ||    65
Dodge: Dodged            |   102 |    84 ||   186
       Rpst.: Long sword |    30 |    27 ||    57

Table legend:
 A = Non-vault XP
 B = Vault XP
 C = Vault XP percentage of total XP
 D = Non-vault monster count
 E = Vault monster count
 F = Vault count percentage of total count
                 A         B        C        D         E       F
            +---------+---------+-------+---------+---------+-------
      Total |     160 |      36 |  18.4 |      49 |      13 |  21.0
            +---------+---------+-------+---------+---------+-------
        D:1 |      30 |       0 |   0.0 |      18 |       0 |   0.0
        D:2 |      71 |      32 |  31.1 |      20 |      11 |  35.5
        D:3 |      59 |       4 |   6.3 |      11 |       2 |  15.4
            +---------+---------+-------+---------+---------+-------
